 Dungeon Crawl Stone Soup version 0.27-a0-887-gcab673c142 (webtiles) character file.

Game seed: 2718589437974604333

894 polve the Insei (level 7, -3/70 HPs)
             Began as a Yellow Draconian Transmuter on Apr 3, 2021.
             Slain by Duvessa
             ... wielding a +2 short sword of electrocution
              (9 damage)
             ... on level 4 of the Dungeon.
             The game lasted 00:05:07 (4134 turns).

polve the Insei (Yellow Draconian Transmuter)       Turns: 4134, Time: 00:05:08

Health: -3/70      AC:  7    Str: 12    XL:     7   Next: 78%
Magic:  19/19      EV: 12    Int: 15    God:
Gold:   110        SH:  0    Dex: 12    Spells: 9/10 levels left

rFire    . . .     SeeInvis .     - Unarmed
rCold    + . .     Faith    .   (no shield)
rNeg     . . .     Spirit   .   (armour unavailable)
rPois    .         Reflect  .   (helmet restricted)
rElec    .         Harm     .   (no cloak)
rCorr    +         Rampage  .   (no gloves)
Will     .....                  (no boots)
Stlth    +.........             (no amulet)
HPRegen  0.21/turn              a - ring of magical power
MPRegen  0.16/turn              d - +4 ring of slaying

@: no status effects
A: spit acid, AC +6, unfitting armour, cold-blooded, acid resistance, cold
resistance 1, robust 1, shaggy fur 1, MP-powered wands
a: Breathe Acid


You were on level 4 of the Dungeon.
You visited 1 branch of the dungeon, and saw 4 of its levels.

You collected 110 gold pieces.

Inventory:

Missiles
 f - 2 throwing nets
 l - 5 curare-tipped darts
Armour
 q - a +0 cloak
Jewellery
 a - a ring of magical power (left hand)
 d - a +4 ring of slaying (right hand)
 o - a ring of resist corrosion
Scrolls
 b - a scroll of magic mapping {unknown}
 c - a scroll of blinking {unknown}
 e - 4 scrolls of identify {unknown}
 g - 3 scrolls of amnesia {unknown}
 h - a scroll of summoning {unknown}
 k - a scroll of vulnerability {unknown}
 n - a scroll of enchant weapon {unknown}
Potions
 m - a potion of brilliance {unknown}
 p - a potion of curing {unknown}
 r - a potion of attraction {unknown}


   Skills:
 + Level 6.9 Fighting
 - Level 1.7 Dodging
 + Level 6.9 Unarmed Combat
 - Level 2.0 Spellcasting
 - Level 2.0 Transmutations


You had 9 spell levels left.
You knew the following spells:

 Your Spells              Type           Power      Damage    Failure   Level
a - Beastly Appendage     Tmut           14%        N/A       10%         1

Your spell library contained the following spells:

 Spells                   Type           Power      Damage    Failure   Level
 Wereblood                Tmut           7%         N/A       14%         2
 Magic Dart               Conj           4%         1d3       22%         1
 Blink                    Tloc           N/A        N/A       32%         2
 Call Imp                 Summ           1%         N/A       32%         2
 Slow                     Hex            1%         N/A       32%         2
 Spider Form              Tmut/Pois      2%         N/A       41%         3
 Conjure Flame            Conj/Fire      1%         6-21      54%         3
 Mephitic Cloud           Conj/Pois/Air  1%         N/A       54%         3
 Ice Form                 Ice/Tmut       4%         N/A       82%         4
 Hydra Form               Tmut           3%         N/A       95%         5


Dungeon Overview and Level Annotations

Branches:
Dungeon (4/15)
 Temple: D:4-7

Altars:
Cheibriados
Dithmenos
Gozag

Annotations:
D:4 Dowan, Duvessa


Innate Abilities, Weirdness & Mutations

You can spit globs of acid.
Your golden yellow scales are hard. (AC +6)
You cannot fit into any form of body armour.
You are cold-blooded and may be slowed by cold attacks.
You are resistant to acid. (rCorr)
Your flesh is cold resistant. (rC+)
You are robust. (+10% HP)
You are covered in fur. (AC +1)
You expend magic power (3 MP) to strengthen your wands.


Message History

Your horns disappear.
Your talons disappear.
You see here a dart slug corpse.
Duvessa, Sister of Dowan comes into view.
She is wielding a +2 short sword of electrocution.
Duvessa is nearby!
Duvessa shouts!
Dowan shouts!
Dowan gestures at you while chanting. The puff of flame hits you.
Duvessa enters a dispersal trap!
Dowan blinks!
You blink.
Duvessa blinks!
Dowan gestures at something while chanting.
Dowan gestures wildly while chanting.
Dowan blinks!
Dowan hits you but does no damage. Dowan hits you but does no damage.
Dowan hits you with a +0 dagger.
Dowan mumbles some strange words.
Dowan blinks!
Dowan mumbles some strange words.
Dowan blinks!
You fail to use your ability.
Duvessa closely misses you.
You fail to use your ability.
Duvessa hits you with a +2 short sword of electrocution.
You are electrocuted!
Duvessa hits you with a +2 short sword of electrocution.
Dowan casts a spell at you. The puff of flame hits you!
Duvessa hits you with a +2 short sword of electrocution!
* * * LOW HITPOINT WARNING * * *
It was a potion of heal wounds.
You feel much better.
Duvessa hits you with a +2 short sword of electrocution! x2
Duvessa hits you with a +2 short sword of electrocution.
Duvessa says, "Where magic fails, the sword succeeds!"
Duvessa hits you with a +2 short sword of electrocution!
* * * LOW HITPOINT WARNING * * *
It was a potion of mutation.
You feel extremely strange. Fur sprouts all over your body.
You feel robust.
You feel resistant to cold.
You feel your magical essence link to the dungeon's wands.
Duvessa hits you with a +2 short sword of electrocution.
* * * LOW HITPOINT WARNING * * *
You are electrocuted!
You die...

##..............##
#..............##
###...........## #
####.....#### ###
###..#..### ..##
###..####e..# #..###
###......####.###
##...####..#####.##.....##
###.....### #@#.8...8.#
##....### #e#.......#
##......# #...e._......
#.......# ###.......#...
#....†..# #.8...8.#....
#.......# ##.....## ...
##......## ###.### ..§
#......## #... ...
#......# ....


You could see Duvessa (fast).

Vanquished Creatures
  Pikel (D:4)
  Grinder (D:4)
  A black bear (D:4)
  3 lemures
  Ijyb (D:3)
  Terence (D:3)
  Robin (D:3)
  4 gnolls
  2 adders
  2 worms (D:2)
  4 dart slugs
  5 endoplasms
  5 giant cockroaches
  16 goblins
  12 hobgoblins
  3 jackals (D:2)
  4 kobolds
  A quokka (D:2)
  5 ball pythons
  5 bats
  6 frilled lizards
  7 rats
90 creatures vanquished.

Notes
Turn   | Place    | Note
-------+----------+-------------------------------------------
     0 | D:1      | polve the Draconian Transmuter began the quest for the Orb.
     0 | D:1      | Reached XP level 1. HP: 16/16 MP: 3/3
    40 | D:1      | Found a faded altar of an unknown god.
   259 | D:1      | Reached XP level 2. HP: 24/24 MP: 3/5
   968 | D:2      | Reached XP level 3. HP: 26/30 MP: 6/6
  1440 | D:2      | Reached XP level 4. HP: 36/38 MP: 7/7
  1933 | D:3      | Noticed Ijyb
  1961 | D:3      | Killed Ijyb
  2464 | D:3      | Found a snail-covered altar of Cheibriados.
  2465 | D:3      | Noticed Robin
  2488 | D:3      | Killed Robin
  2489 | D:3      | Reached XP level 5. HP: 32/46 MP: 8/8
  2611 | D:3      | Found a shadowy altar of Dithmenos.
  2722 | D:3      | Noticed Terence
  2738 | D:3      | Killed Terence
  3218 | D:4      | Noticed Pikel
  3218 | D:4      | Noticed a lemure
  3218 | D:4      | Noticed a lemure
  3218 | D:4      | Noticed a lemure
  3218 | D:4      | Noticed a lemure
  3339 | D:3      | Killed a lemure
  3349 | D:3      | Killed a lemure
  3536 | D:4      | Noticed a black bear
  3552 | D:4      | Killed a black bear
  3553 | D:4      | Reached skill level 5 in Unarmed Combat
  3553 | D:4      | Reached XP level 6. HP: 42/55 MP: 9/9
  3751 | D:4      | Killed Pikel
  3752 | D:4      | Your scales start taking on a golden yellow colour.
  3752 | D:4      | Reached XP level 7. HP: 54/64 MP: 10/10
  3752 | D:4      | Gained mutation: You are resistant to acid. (rCorr) [Yellow
                  | Draconian growth]
  3861 | D:4      | Found an opulent altar of Gozag.
  3867 | D:4      | Noticed Dowan
  3928 | D:4      | Noticed Grinder
  3948 | D:4      | Paralysed by Grinder for 4 turns
  3954 | D:4      | Killed Grinder
  4108 | D:4      | Noticed Duvessa
  4134 | D:4      | Gained mutation: You are covered in fur. (AC +1) [potion of
                  | mutation]
  4134 | D:4      | Gained mutation: You are robust. (+10% HP) [potion of
                  | mutation]
  4134 | D:4      | Gained mutation: Your flesh is cold resistant. (rC+)
                  | [potion of mutation]
  4134 | D:4      | Gained mutation: You expend magic power (3 MP) to
                  | strengthen your wands. [potion of mutation]
  4134 | D:4      | Slain by Duvessa

Illustrated notes

Levels and vault maps discovered:
D:1:      doesnt_arrival_eight_statues, layout_basic, basic_ecumenical_altar
D:2:      minmay_general_purpose_star, layout_basic, interstate_on_off
D:3:      layout_basic, nicolae_overflow_hidden_temple,
          overflow_temple_1_default, uniq_ijyb, uniq_terence, uniq_robin
D:4:      layout_cave_pods, grunt_gozag_statues, uniq_duvessa, uniq_edmund,
          uniq_grinder, uniq_pikel

Skill      XL: |  1  2  3  4  5  6 |
---------------+-------------------+-----
Fighting       | 2 3 4 6 |  6.9
Unarmed Combat | 4 5 6 |  6.9
Dodging        | |  1.7
Spellcasting   | |  2.0
Transmutations | |  2.0

Action                   |  1- 3 |  4- 6 |  7- 9 || total
-------------------------+-------+-------+-------++-------
Melee: Unarmed           |    89 |   115 |     2 ||   206
       Kick              |    11 |    18 |     1 ||    30
       Headbutt          |     9 |    15 |       ||    24
       Tailslap          |     5 |    11 |       ||    16
 Cast: Beastly Appendage |    20 |    24 |     1 ||    45
 Abil: Breathe Acid      |       |       |     2 ||     2
  Use: Potion            |       |       |     2 ||     2
 Stab: Sleeping          |       |     3 |       ||     3
Armor: Skin              |    29 |    22 |     2 ||    53
Dodge: Dodged            |    56 |    52 |     2 ||   110

Table legend: (Time is in decaauts)
 A = Elapsed time spent in this place.
 B = Non-inter-level travel time spent in this place.
 C = Inter-level travel time spent in this place.
 D = Time resting spent in this place.
 E = Time spent auto-exploring this place.
 F = Levels seen in this place.
 G = Mean time per level.
                   A        B        C        D        E       F      G
               +--------+--------+--------+--------+--------+-----+--------+
         Total |   4118 |   3996 |    122 |    183 |   3114 |   4 | 1029.5 |
       Dungeon |   4118 |   3996 |    122 |    183 |   3114 |   4 | 1029.5 |
               +--------+--------+--------+--------+--------+-----+--------+

Top non-repeatable levels by time:
     D:3: 1614 daAuts
     D:2: 978 daAuts
     D:1: 919 daAuts
     D:4: 605 daAuts
